 Dungeon Crawl Stone Soup version 0.25.0-9-g26727b657a (console) character file.

Game seed: 15985880503395565869

72 bli the Skirmisher (level 4, -1/38 HPs)
             Began as a Formicid Abyssal Knight on June 20, 2020.
             Was a Follower of Lugonu.
             Slain by a worm (10 damage)
             ... on level 2 of the Dungeon.
             The game lasted 00:06:39 (1833 turns).

bli the Skirmisher (Formicid Abyssal Knight)        Turns: 1833, Time: 00:06:40

Health: -1/38      AC:  4    Str: 12      XL:     4   Next: 48%
Magic:  5/5        EV: 11    Int: 11 (12) God:    Lugonu [*.....]
Gold:   98         SH:  0    Dex: 11      Spells: 3/3 levels left

rFire    + + .     SeeInvis +   a - +1 hand axe
rCold    . . .     Gourm    .   (no shield)
rNeg     . . .     Faith    .   b - +0 leather armour
rPois    .         Spirit   .   (helmet unavailable)
rElec    .         Reflect  .   i - scarf {rC+ rF+}
rCorr    .         Harm     .   (no gloves)
MR       .....                  k - +0 pair of boots
Stlth    +.........             (no amulet)
HPRegen  0.12/turn              m - ring of fire
MPRegen  0.09/turn              (no ring)

@: no status effects
A: permanent stasis, dig shafts and tunnels, four strong arms, antennae 3, [weak
2]
a: Dig, Shaft Self, Depart the Abyss, Renounce Religion


You were on level 2 of the Dungeon.
You worshipped Lugonu.
Lugonu was aware of your devotion.
You were not hungry.

You visited 1 branch of the dungeon, and saw 2 of its levels.
You visited the Abyss 1 time.

You collected 98 gold pieces.

Inventory:

Hand Weapons
 a - a +1 hand axe (weapon)
 e - a +1 dagger of holy wrath
Missiles
 d - 78 stones (quivered)
 q - 18 sling bullets
Armour
 b - a +0 leather armour (worn)
 i - a scarf of resistance (worn)
 k - a +0 pair of boots (worn)
Jewellery
 m - a ring of fire (left hand)
Scrolls
 h - a scroll of fog {unknown}
 l - a scroll of identify {unknown}
 n - a scroll of remove curse {unknown}
 p - a scroll of teleportation {unknown}
Potions
 g - a potion of flight {unknown}
 j - 2 potions of haste {unknown}
 o - a potion of curing {unknown}
Comestibles
 c - 6 rations
 f - 4 chunks of flesh


   Skills:
 * Level 4.3 Fighting
 + Level 2.7 Axes
 + Level 2.6 Armour
 + Level 1.4 Dodging
 + Level 0.4 Stealth
 + Level 2.3 Invocations


You had 3 spell levels left.
You didn't know any spells.
Your spell library was empty.

Dungeon Overview and Level Annotations

Branches:
Dungeon (2/15)

Altars:


Innate Abilities, Weirdness & Mutations

You cannot be hasted, slowed, berserked, paralysed or teleported.
You can dig through walls and to a lower floor.
Your four strong arms can wield two-handed weapons with a shield.
You have a pair of large antennae on your head. (SInv)
[You are very weak. (Str -4)]


Message History

Press: ? - help, Shift-Dir - straight line, f/p - worm
Aim: a worm (moderately wounded)
You throw a stone. The stone hits the worm.
The worm is heavily wounded.
Throwing (i - inventory)
d - 80 stones (quivered)
Press: ? - help, Shift-Dir - straight line, f/p - worm
Aim: a worm (moderately wounded)
You throw a stone.
The stone hits the worm but does no damage.
The worm is moderately wounded.
Throwing (i - inventory)
d - 79 stones (quivered)
Press: ? - help, Shift-Dir - straight line, f/p - worm
Aim: a worm (moderately wounded)
You throw a stone. The stone barely misses the worm.
You hit the worm.
The worm is heavily wounded.
You barely miss the worm.
The worm is heavily wounded.
The worm bites you!
You die...

.?$......# ###...##.######.#.
.........# ##..>####..# #.#.
..#.....# ##..### ##.# #.#.
........## #..## #.#####.#.
.........# ##.## #.........
...(....(# #..# ####......
##....)..####.## ##.#...
##..(........## ###<#)#รท
##....###....######### #..)#.#.
######...#.##...............#.#.
....(...(.((.(.w@............#.#.
#########################...##.#.
###. ..#. ## ..#. ###. #. ##


You could see a worm.

Vanquished Creatures
  2 adders (D:2)
  An ooze (D:1)
  A worm (D:2)
  A dart slug (D:2)
  3 leopard geckos
  A ball python (D:2)
  3 giant cockroaches
  6 goblins
  6 hobgoblins
  4 jackals (D:1)
  4 bats
  4 frilled lizards
  3 kobolds
  A rat (D:2)
40 creatures vanquished.

Notes
Turn   | Place    | Note
-------+----------+-------------------------------------------
     0 | Abyss:1  | bli the Formicid Abyssal Knight began the quest for the
                  | Orb.
     0 | Abyss:1  | Reached XP level 1. HP: 18/18 MP: 2/2
    51 | Abyss:1  | Noticed a fire giant zombie
    92 | Abyss:1  | Noticed a neqoxec
   108 | Abyss:1  | Noticed a wretched star
   111 | D:1      | Escaped the Abyss
   151 | D:1      | Reached XP level 2. HP: 8/25 MP: 3/3
   703 | D:1      | Reached * piety under Lugonu
   708 | D:1      | Reached skill level 4 in Fighting
   752 | D:1      | Reached skill level 1 in Dodging
   968 | D:1      | Reached XP level 3. HP: 27/30 MP: 4/4
  1653 | D:2      | Reached XP level 4. HP: 30/37 MP: 5/5
  1833 | D:2      | Slain by a worm

Illustrated notes

Levels and vault maps discovered:
D:1:      minmay_arrival_wavy_path, layout_loops_cross,
          chequers_serial_rivers_micro_b
D:2:      layout_rooms, first_ration

Skill      XL: |  1  2 |
---------------+-------+-----
Fighting       | 4 |  4.3
Dodging        | 1 |  1.4
Axes           | |  2.7
Armour         | |  2.6
Stealth        | |  0.4
Invocations    | |  2.3

Action                   |  1- 3 |  4- 6 || total
-------------------------+-------+-------++-------
Melee: Hand axe          |   127 |    28 ||   155
Throw: Stone             |     1 |    21 ||    22
Invok: Depart the Abyss  |     1 |       ||     1
 Stab: Distracted        |     1 |       ||     1
  Eat: Chunk             |     2 |     1 ||     3
Armor: Leather armour    |    31 |     4 ||    35
Dodge: Dodged            |    81 |    12 ||    93
